 Dungeon Crawl Stone Soup version 0.29.0-4-gdea44cf6ec (webtiles) character file.

Game seed: 13715293786467341968

42 qw the Chopper (level 3, -5/21 HPs)
             Began as a Tengu Warper on Aug 28, 2022.
             Slain by Natasha (8 damage)
             ... on level 2 of the Dungeon.
             The game lasted 00:00:06 (1277 turns).

qw the Chopper (Tengu Warper)                       Turns: 1277, Time: 00:00:06

Health: -5/21      AC:  0    Str: 13    XL:     3   Next: 54%
Magic:  7/7        EV: 19    Int: 13    God:
Gold:   72         SH:  0    Dex: 18    Spells: 6/6 levels left

rFire   . . .      SeeInvis .   (weapon currently unavailable)
rCold   . . .      Faith    .   (shield currently unavailable)
rNeg    . . .      Spirit   .   (body armour currently unavailable)
rPois   .          Reflect  .   (helmet currently unavailable)
rElec   .          Harm     .   (cloak currently unavailable)
rCorr   .          Rampage  .   (gloves currently unavailable)
Will    .....                   (boots unavailable)
Stlth   ++........              (no amulet)
HPRegen 0.07/turn               (ring currently unavailable)
MPRegen 0.10/turn               (ring currently unavailable)

@: bat-form, flying, slowed, quick
A: fast, flying, no casting, tiny, (beak), (talons 3)
a: no special abilities


You were on level 2 of the Dungeon.
You were a bat.
You visited 1 branch of the dungeon, and saw 2 of its levels.

You collected 72 gold pieces.


Innate Abilities, Weirdness & Mutations

You are a bat.
You are tiny and dextrous.
You move quickly.
You are flying.
Your equipment is almost entirely melded.
You are incapable of wielding weapons or throwing items.
You cannot cast spells.
((You have a beak for a mouth.))
((You have claws for feet.))


   Skills:
 - Level 2.0 Fighting
 + Level 3.9 Axes
 - Level 1.0 Throwing
 - Level 1.1 Armour
 - Level 2.1 Dodging
 - Level 1.0 Shields
 - Level 2.0 Spellcasting
 - Level 2.4 Translocations


You had 6 spell levels left.
You didn't know any spells.
Your spell library contained the following spells:

 Spells                   Type           Power      Damage    Failure   Level
 Blink                    Tloc           14%        N/A       14%         2
 Gell's Gravitas          Tloc           7%         N/A       28%         3
 Lesser Beckoning         Tloc           7%         N/A       28%         3
 Teleport Other           Tloc           7%         N/A       28%         3
 Manifold Assault         Tloc           7%         N/A       95%         5

Inventory:

Hand Weapons
 e - a +0 mace
 Y - a +0 hand axe (melded)
Armour
 b - a +0 plate armour
 d - a +0 chain mail (melded)
 f - a +0 buckler (melded)
 l - a +2 pair of gloves (melded)
Scrolls
 i - a scroll of identify
Potions
 a - a potion of mutation {unknown}
 g - a potion of degeneration {unknown}

Dungeon Overview and Level Annotations

Branches:
Dungeon (2/15)

Altars:

Annotations:
D:2 Natasha


Message History

Natasha hisses angrily.
Natasha casts a spell at you.
You feel yourself slow down.
Found a stone staircase leading down.
Natasha casts a spell at you. The magic dart hits you.
There is an escape hatch in the floor here.
You hit Natasha. You claw Natasha.
Natasha is moderately wounded.
Natasha claws you. Natasha casts a spell at you.
You feel as though you will be slow longer.
You closely miss Natasha.
Natasha is moderately wounded.
Natasha barely misses you. Natasha claws you.
You hit Natasha.
Natasha is moderately wounded.
You block Natasha's attack.
You hit Natasha but do no damage. Your kick misses Natasha.
Natasha is moderately wounded.
Natasha zaps a wand.
You turn into a bat.
Your +0 hand axe melds into your body.
Your +2 pair of gloves melds into your body.
Your +0 buckler melds into your body.
Your +0 chain mail melds into your body.
Natasha misses you.
You closely miss Natasha.
Natasha is moderately wounded.
Natasha stares at you and mumbles some strange words.
You feel as though you will be slow longer.
A rat comes into view.
You hit Natasha but do no damage.
Natasha is moderately wounded.
Natasha barely misses you. Natasha claws you.
You hit Natasha but do no damage.
Natasha is moderately wounded.
Natasha closely misses you.
You hit Natasha.
Natasha is moderately wounded.
Natasha claws you! x2
You die...

#.. #.# #..### #..##.#
##..... #..##.#
##...#.#
#..##.######......#
#..##.#............
#(.##.#.####.....##
#.......#####...###
######...#..[..^.%..##
#
....r..b###.#########
# ...###h## ##.######
# ..# ##.....# #
>.!..# ##.####.#
######.###.## ##.##
......#..# ##...##
#...###.....###
##..##........#
#..........#.#


You could see Natasha and a rat.

Vanquished Creatures
  Natasha (D:2)
  A worm (D:2)
  2 ball pythons (D:2)
  An endoplasm (D:1)
  2 hobgoblins (D:1)
  3 kobolds
  A quokka (D:2)
  A frilled lizard (D:1)
  A spectral hobgoblin (D:1)
13 creatures vanquished.

Notes
Turn   | Place    | Note
-------+----------+-------------------------------------------
     0 | D:1      | qw the Tengu Warper began the quest for the Orb.
     0 | D:1      | Reached XP level 1. HP: 12/12 MP: 4/4
     0 | D:1      | 0 ||| qw: Version: 0.1-a-89-g26bdef1
     0 | D:1      | 0 ||| qw: Game counter: 2734
     0 | D:1      | 0 ||| qw: Always use a shield: true
     0 | D:1      | 0 ||| qw: God list: Okawaru
     0 | D:1      | 0 ||| qw: Allow faded altars: false
     0 | D:1      | 0 ||| qw: Do Orc after D:15 true
     0 | D:1      | 0 ||| qw: Do second Lair branch before Depths: true
     0 | D:1      | 0 ||| qw: Lair rune preference: random
     0 | D:1      | 0 ||| qw: Plans: Normal
     0 | D:1      | 0 ||| PLANNING D:1-11
   251 | D:1      | Found Xinuus's Magic Scroll Shoppe.
   336 | D:1      | Found a faded altar of an unknown god.
   342 | D:1      | Reached XP level 2. HP: 17/17 MP: 6/6
   534 | D:1      | Reached skill level 3 in Axes
   864 | D:1      | 864 ||| UPGRADING to +0 chain mail.
   874 | D:1      | 874 ||| DROPPING +0 leather armour.
   875 | D:1      | 875 ||| UPGRADING to +0 buckler.
   880 | D:1      | 880 ||| DROPPING +0 ring mail.
   881 | D:1      | 881 ||| UPGRADING to +2 pair of gloves.
   886 | D:1      | 886 ||| READING scroll labelled RETSAM UGUECIE.
   890 | D:1      | 890 ||| READING scroll labelled LIQEID AMOUPT.
   891 | D:1      | 891 ||| READING 2 scrolls labelled CEQENUSUJU.
   892 | D:1      | 892 ||| READING scroll labelled IKIRHU MUWUI.
   893 | D:1      | 893 ||| READING scroll labelled ZUAWACS PIRIL.
   994 | D:1      | 994 ||| DROPPING scroll of blinking.
  1074 | D:2      | Reached skill level 1 in Shields
  1130 | D:2      | Noticed Natasha
  1147 | D:2      | Killed Natasha
  1148 | D:2      | Reached XP level 3. HP: 21/21 MP: 7/7
  1225 | D:2      | 1225 ||| DROPPING +0 club.
  1265 | D:2      | Noticed Natasha
  1266 | D:2      | 1266 ||| Stepping ~*~*~tactically~*~*~ (stealth).
  1277 | D:2      | HP: 3/21 [Natasha (7)]
  1277 | D:2      | Slain by Natasha

Levels and vault maps discovered:
D:1:      dpeg_arrival_signposts, layout_basic, serial_shops,
          nicolae_shop_statue_plus, dreamdust_ecumenical_altar_drowned_temple,
          minmay_misc_feat_rows
D:2:      layout_loops_ring, uniq_natasha

Skill      XL: |  1  2 |
---------------+-------+-----
Axes           | 3 |  3.9
Shields        | 1 |  1.0
Fighting       | |  2.0
Throwing       | |  1.0
Armour         | |  1.1
Dodging        | |  2.1
Spellcasting   | |  2.0
Translocations | |  2.4

Action                   || total
-------------------------++-------
Melee: Hand axe          ||    49
       Peck              ||     5
       Kick              ||     8
       Unarmed           ||     4
Throw: Boomerang         ||     7
  Use: Scroll            ||     5
Armor: Leather armour    ||     2
       Skin              ||    14
       Chain mail        ||     8
Dodge: Dodged            ||    15
Block: Buckler           ||     6

Table legend:
 A = Non-vault XP
 B = Vault XP
 C = Vault XP percentage of total XP
 D = Non-vault monster count
 E = Vault monster count
 F = Vault count percentage of total count
                 A         B        C        D         E       F
            +---------+---------+-------+---------+---------+-------
      Total |      23 |      37 |  61.7 |      11 |       2 |  15.4
            +---------+---------+-------+---------+---------+-------
        D:1 |      10 |       1 |   9.1 |       6 |       1 |  14.3
        D:2 |      13 |      36 |  73.5 |       5 |       1 |  16.7
            +---------+---------+-------+---------+---------+-------
